AoeStats
← Magnus1497

Hideout

510020779Analyzed
1v1 RM · 2d ago on Sep 29, 2026· 53m 36s· 2 players
Game mode
Random Map
Map size
Tiny (2 player)
Population
200
Speed
Normal
Resources
Standard
Victory
Conquest
Starting age
Dark Age
Ending age
Imperial Age
RankedLock teamsTeams togetherTeam positionsShared explorationLock speedFull tech treeHidden civsTurbo modeCheats
Victory
Defeat
🇲🇽 Goths · Mexico
413
+10
🇺🇸 Turks · United States
265
-10
LSUtigerbal7
0:28 Loom
10:03 Feudal Age
12:36 Double-Bit Axe
17:50 Castle Age
17:14 Horse Collar
18:30 Wheelbarrow
23:05 Bow Saw
24:33 Hand Cart
24:32 Heavy Plow
28:43 Gold Mining
28:44 Stone Mining
30:24 Gold Shaft Mining
32:42 Town Watch
36:05 Imperial Age
36:30 Imperial Age
35:38 Town Patrol
35:52 Scale Barding Armor
35:38 Fletching
35:58 Forging
38:01 Theocracy
39:10 Iron Casting
39:46 Guilds
39:52 Bodkin Arrow
41:46 Elite Janissary
49:34 Bombard Tower
Magnus1497
10:10 Feudal Age
10:45 Double-Bit Axe
10:44 Horse Collar
13:59 Gold Mining
16:49 Castle Age
16:40 Forging
17:08 Scale Mail Armor
21:28 Stone Mining
23:58 Wheelbarrow
25:52 Hand Cart
25:52 Man-at-Arms
26:36 Squires
26:06 Pikeman
28:00 Heavy Plow
28:14 Bow Saw
28:43 Stone Shaft Mining
27:40 Long Swordsman
33:15 Imperial Age
30:35 Loom
32:30 Iron Casting
33:20 Two-Handed Swordsman
33:21 Halberdier
34:48 Perfusion
34:49 Anarchy
35:29 Cavalier
36:22 Bloodlines
36:14 Husbandry
35:36 Light Cavalry
37:07 Crop Rotation
37:39 Blast Furnace
36:55 Chain Mail Armor
37:36 Champion
41:41 Two-Man Saw
40:30 Town Watch
42:42 Elite Huskarl
43:59 Hussar
49:15 Scale Barding Armor
49:14 Padded Archer Armor
53:07 Murder Holes
53:36 Ballistics
54:17 Chemistry
53:33 Masonry
53:13 Treadmill Crane
Connection lost

Rejoining the realm…

Still unreachable

The connection could not be restored.

Session expired

The server has moved on; the page needs a fresh start.